 Dungeon Crawl Stone Soup version 0.22-a0-93-g6b88ebb (webtiles) character file.

40373 4thArraOfDagon the Black Belt (level 13, -7/102 HPs)
             Began as a Demigod Wanderer on Jan 24, 2018.
             Mangled by an ettin
             ... wielding a +0 dire flail
              (32 damage)
             ... on level 2 of the Orcish Mines.
             The game lasted 01:09:06 (13741 turns).

4thArraOfDagon the Black Belt (Demigod Wanderer)   Turns: 13741, Time: 01:09:07

Health: -7/102     AC: 20    Str: 14    XL:     13   Next: 39%
Magic:  19/24      EV: 12    Int: 26    God:
Gold:   938        SH:  0    Dex: 14    Spells: 9/22 levels left

rFire    x . .     SeeInvis .   o - staff of earth
rCold    + . .     Gourm    .   (no shield)
rNeg     . . .     Faith    .   H - +3 ring mail
rPois    .         Spirit   .   k - +2 helmet
rElec    .         Reflect  .   d - +2 cloak
rCorr    .         Harm     .   (no gloves)
MR       +....                  U - +1 pair of boots {run}
Stlth    ++........             X - amulet of rage
HPRegen  0.27/turn              P - +4 ring of protection
MPRegen  0.19/turn              I - ring of ice

@: very slightly contaminated, quick
A: high mp 1
a: Evoke Berserk Rage


You were on level 2 of the Orcish Mines.
You were hungry.

You visited 2 branches of the dungeon, and saw 17 of its levels.
You also visited: Labyrinth, Sewer and Ice Cave.

You collected 1220 gold pieces.
You spent 282 gold pieces at shops.

Inventory:

Hand Weapons
 G - a +0 blowgun
Missiles
 b - 8 curare-tipped needles
Armour
 d - a +2 cloak (worn)
 k - a +2 helmet (worn)
 H - a +3 ring mail (worn)
 U - a +1 pair of boots of running (worn)
 V - a +0 robe of resistance
Magical Staves
 o - an uncursed staff of earth (weapon)
Jewellery
 r - an uncursed ring of protection from fire
 x - an uncursed ring of wizardry
 z - a +3 ring of dexterity
 F - an uncursed ring of flight
 I - a ring of ice (right hand)
 P - a +4 ring of protection (left hand)
 X - an amulet of rage (around neck)
Wands
 i - a wand of clouds (1)
 R - a wand of flame (55)
 T - a wand of disintegration (12)
 W - a wand of polymorph (9)
 Y - a wand of acid (2)
Scrolls
 f - 4 scrolls of enchant armour
 l - 6 scrolls of remove curse
 p - a scroll of amnesia
 t - 4 scrolls of vulnerability {unknown}
 w - 2 scrolls of enchant weapon {unknown}
 y - 2 scrolls of immolation {unknown}
 L - 4 scrolls of fog {unknown}
 M - 3 scrolls of teleportation
 N - 5 scrolls of magic mapping
Potions
 a - 5 potions of magic
 e - a potion of mutation {unknown}
 m - 4 potions of curing
 n - a potion of invisibility
 q - 7 potions of flight
 s - a potion of haste {unknown}
 u - 2 potions of resistance
 A - a potion of heal wounds
 B - 3 potions of might
 C - 2 potions of cancellation {unknown}
 K - a potion of berserk rage
 O - 2 potions of agility
 Q - a potion of ambrosia
Miscellaneous
 c - a lamp of fire (inert)
Comestibles
 h - 10 rations


   Skills:
 - Level 6.3 Fighting
 - Level 4.1 Dodging
 - Level 2.6 Stealth
 - Level 17.0 Unarmed Combat
 + Level 5.2 Spellcasting
 - Level 9.0 Earth Magic
 - Level 1.0 Evocations


You had 9 spell levels left.
You knew the following spells:

 Your Spells              Type           Power        Failure   Level  Hunger
a - Sandblast             Erth           ######       1%          1    None
b - Stone Arrow           Conj/Erth      #####.       7%          3    #......
c - Passage of Golubria   Tloc           N/A          83%         4    ###....
d - Blink                 Tloc           N/A          24%         2    None
e - Lesser Beckoning      Tloc           #.........   43%         3    #......


Dungeon Overview and Level Annotations

Branches:
Dungeon (15/15)            Temple (0/1) D:7            Lair (0/6) D:9
    Orc (2/2) D:10
    Elf: Orc:2       Vaults: D:13-14     Depths: D:15

Shops:
D:4 *   D:7 [:*:%   D:11 ?   D:13 }

Annotations:
D:4 KristoblXynda's ghost, amateur DrMo; Natasha
D:9 LAIR


Innate Abilities, Weirdness & Mutations

You have an increased reservoir of magic. (+10% MP)


Message History

Aim the lamp in which direction?
Press: ? - help, Dir - move target cursor, p - ettin The flames dance!
Unknown command.
Unknown command.
Unknown command.
Unknown command.
You are feeling hungry.
The ettin is no longer covered in acid.
Evoke which item? (* to show all) (? for menu, Esc to quit)
Aiming: Corrosive Bolt
Press: ? - help, Shift-Dir - straight line, f - ettin
Aim: an ettin, wielding two dire flails (moderately wounded)
The bolt of acid hits the ettin.
The ettin is splashed with acid.
The acid corrodes the ettin!
The ettin is heavily wounded.
The ettin hits you with a dire flail!!
* * * LOW HITPOINT WARNING * * *
The ettin hits you with a dire flail!!
You die...

### ###.# ### #.[## #####.##
..<.#### ##......## .....#.#
#........#
......########.......###
...)..#.##.##..........#
....)...........@C.....##
..#........)...##.......##
.###)..)....[)###.#......# #
#.#[.).....)))<(###.....##.##
####.....[.)[[### #..)......#
..#......[..[.#####........##
...........[.....#)..<...###
.........O...O...........#
.................(......##


You could see an ettin.

Vanquished Creatures
  Rupert (Orc:2)
  A minotaur (Lab)
  A hydra (D:13)
  15 two-headed ogres
  A centaur warrior (D:13)
  A tengu warrior (D:14)
  An orc high priest (Orc:2)
  Sonja (D:14)
  An unseen horror (D:13)
  A deep troll (Orc:2)
  3 orc knights
  A necromancer (IceCv)
  An orc sorcerer (Orc:2)
  2 cyclopes
  A manticore (D:12)
  A deep elf mage (D:15)
  2 ice statues (IceCv)
  Maurice (D:11)
  Joseph (D:7)
  Psyche (D:12)
  6 ice devils (IceCv)
  A freezing wraith (D:15)
  2 trolls (Orc:2)
  A tengu conjurer (D:14)
  2 slime creatures
  Prince Ribbit (D:6)
  2 hippogriffs
  A snapping turtle (Orc:2)
  20 yaks
  3 wraiths
  3 hungry ghosts
  6 vampire mosquitoes
  Menkaure (D:7)
  4 wargs
  A porcupine (D:9)
  4 water moccasins
  A sky beast (D:9)
  2 black bears
  An eye of draining (shapeshifter) (D:14)
  A necrophage (D:7)
  8 ice beasts
  An eye of draining (D:10)
  15 orc warriors
  A phantom (D:7)
  18 ogres
  2 wolves (D:9)
  5 crocodiles
  4 centaurs
  5 bullfrogs
  2 big kobolds
  A gnoll sergeant (D:8)
  A wyvern skeleton (D:12)
  3 scorpions
  17 killer bees
  3 howler monkeys
  9 wights
  An electric eel (D:8)
  5 crimson imps
  The ghost of Tovarisch the Grave Robber, a weakling DENe (D:3)
  A draconian simulacrum (IceCv)
  6 hounds
  9 jellies
  2 bullfrog skeletons
  20 orc priests
  A centaur skeleton (D:8)
  33 orc wizards
  3 iguanas
  9 worker ants
  2 spriggan simulacra (IceCv)
  A troll simulacrum (IceCv)
  2 centaur simulacra (IceCv)
  A hound zombie (D:8)
  3 hound skeletons
  A worker ant zombie (D:8)
  12 adders
  5 gnolls (D:8)
  3 river rats
  3 shadow imps
  12 white imps (D:13)
  7 oozes
  2 worms (D:3)
  2 dart slugs
  2 leopard geckos
  68 orcs
  A ball python (D:7)
  11 giant cockroaches
  2 goblins
  5 hobgoblins
  10 jackals
  14 kobolds
  9 quokkas
  8 bats
  4 frilled lizards
  A leopard gecko skeleton (D:5)
  7 rats
485 creatures vanquished.

Vanquished Creatures (others)
  An orc warrior (Orc:2)
  2 orc wizards (Orc:2)
  An orc (Orc:2)
  A fungus (D:9)
5 creatures vanquished.

Grand Total: 490 creatures vanquished

Notes
Turn   | Place    | Note
-------+----------+-------------------------------------------
     0 | D:1      | 4thArraOfDagon the Demigod Wanderer began the quest for the Orb.
     0 | D:1      | 4thArraOfDagon set off with: a potion of berserk rage, a potion of heal wounds, a potion of lignification, the Catalogue of Stones, a +0 robe, a +0 club, a +0 dagger, a ration
     0 | D:1      | Reached XP level 1. HP: 16/16 MP: 4/4
     0 | D:1      | Identified the Catalogue of Stones
     5 | D:1      | Learned a level 1 spell: Sandblast
   658 | D:2      | Reached skill level 2 in Unarmed Combat
   697 | D:2      | Reached XP level 2. HP: 15/23 MP: 5/5
   724 | D:2      | 4thArraOfDagon: ??staff od earth
   724 | D:2      | beem: staff od earth ~ staff of earth ~ staff damage[1/3]: Enhancer staves (fire, cold, air, earth, death) have (2*evoc + magic skill)/30 chance of getting random2(1.25*(magic skill + evoc/2)) extra damage that ignores AC (except earth), but checks the appropriate resistance.
  1028 | D:2      | Reached XP level 3. HP: 28/28 MP: 0/6
  1197 | D:3      | Learned a level 3 spell: Stone Arrow
  1273 | D:3      | Found a glowing drain.
  1318 | D:3      | Noticed Tovarisch's ghost (weakling DENe)
  1334 | D:3      | Reached skill level 3 in Unarmed Combat
  1340 | D:3      | Reached XP level 4. HP: 18/35 MP: 2/8
  1349 | D:3      | Killed Tovarisch's ghost
  1390 | Sewer    | Entered a sewer
  1568 | Sewer    | Noticed a big kobold
  1574 | Sewer    | Killed a big kobold
  1574 | Sewer    | Reached XP level 5. HP: 38/40 MP: 4/9
  1578 | Sewer    | Found a glowing silver altar of Zin.
  1738 | D:3      | Reached skill level 4 in Unarmed Combat
  1823 | D:4      | Found Kat Raudd's Assorted Antiques.
  1832 | D:4      | Bought a scroll labeled HOERYN JYEGH for 25 gold pieces
  1832 | D:4      | Bought a glowing purple potion for 22 gold pieces
  1832 | D:4      | Bought a scroll labeled JUSOEGECYM for 25 gold pieces
  1832 | D:4      | Bought a scroll labeled IFAUPO QEYQO for 25 gold pieces
  1835 | D:4      | Noticed KristoblXynda's ghost (amateur DrMo)
  2298 | D:5      | Entered Level 5 of the Dungeon
  2471 | D:4      | Noticed an ogre
  2706 | D:4      | Noticed Natasha
  2787 | D:5      | Noticed an ice beast
  2790 | D:5      | Noticed a water moccasin
  2811 | D:5      | Killed a water moccasin
  2811 | D:5      | Reached XP level 6. HP: 47/47 MP: 0/10
  3130 | D:4      | Sergey: hello
  3211 | D:5      | Reached skill level 5 in Unarmed Combat
  3333 | D:5      | Reached skill level 5 in Earth Magic
  3412 | D:5      | Reached XP level 7. HP: 52/52 MP: 4/11
  3773 | D:5      | Noticed a moth of wrath
  3776 | D:5      | Found a bloodstained altar of Trog.
  3858 | D:6      | Noticed Prince Ribbit
  3878 | D:6      | Killed Prince Ribbit
  3878 | D:6      | Reached skill level 6 in Unarmed Combat
  4227 | D:6      | Reached XP level 8. HP: 8/59 MP: 1/12
  4447 | D:7      | Found Bueva's Book Shop.
  4447 | D:7      | Found an opulent altar of Gozag.
  4640 | D:8      | Reached skill level 7 in Unarmed Combat
  5082 | D:7      | Found Mieky's Food Boutique.
  5087 | D:7      | Found Wovoan's Book Emporium.
  5125 | D:7      | Found a staircase to the Ecumenical Temple.
  5135 | D:7      | Found Ylug's General Store.
  5149 | D:7      | Bought a scroll of teleportation for 36 gold pieces
  5149 | D:7      | Bought a scroll of magic mapping for 42 gold pieces
  5149 | D:7      | Bought a potion of agility for 48 gold pieces
  5150 | D:7      | Noticed Menkaure
  5155 | D:7      | Killed Menkaure
  5186 | D:7      | Noticed Joseph
  5205 | D:7      | Killed Joseph
  5205 | D:7      | Reached skill level 8 in Unarmed Combat
  5205 | D:7      | Reached XP level 9. HP: 47/64 MP: 5/13
  5629 | D:7      | Found a glowing golden altar of the Shining One.
  5629 | D:7      | Found an ornate altar of the Wu Jian Council.
  5631 | D:7      | Found a glowing silver altar of Zin.
  5631 | D:7      | Found a snail-covered altar of Cheibriados.
  5716 | D:7      | Found Bocluur's Antique Armour Boutique.
  5868 | D:7      | Reached skill level 9 in Unarmed Combat
  6346 | D:9      | Noticed a two-headed ogre
  6446 | D:9      | Killed a two-headed ogre
  6473 | D:8      | Reached XP level 10. HP: 54/75 MP: 3/14
  6538 | D:8      | Reached skill level 10 in Unarmed Combat
  6675 | D:9      | :O
  6683 | D:9      | Found a snail-covered altar of Cheibriados.
  6686 | D:9      | Noticed a two-headed ogre
  6696 | D:9      | Killed a two-headed ogre
  6950 | D:9      | Found a staircase to the Lair.
  6961 | D:10     | Entered Level 10 of the Dungeon
  7074 | D:10     | Noticed a two-headed ogre
  7087 | D:10     | Killed a two-headed ogre
  7087 | D:10     | Reached skill level 11 in Unarmed Combat
  7116 | D:10     | Noticed a two-headed ogre
  7137 | D:10     | Killed a two-headed ogre
  7278 | D:10     | Reached skill level 5 in Fighting
  7331 | D:10     | Reached XP level 11. HP: 41/88 MP: 15/15
  7473 | D:10     | Found a staircase to the Orcish Mines.
  7856 | D:11     | Reached skill level 12 in Unarmed Combat
  7861 | D:11     | Found Uludorag's Magic Scroll Shoppe.
  7871 | D:11     | Amaterasu: ??dgwn
  7872 | D:11     | beem: dgwn[1/2]: when I first started playing I met some Japanese players who were remarkably better than anyone I've seen play, to this day, and they said that Demigod Wanderers were so easy to ascend with that they classified runs as DgWn runs and Non-DgWn runs
  7998 | D:12     | Found a labyrinth entrance.
  8082 | Lab      | Entered a labyrinth
  8270 | Lab      | Noticed a minotaur
  8281 | Lab      | Killed a minotaur
  8312 | Lab      | Identified a +1 pair of boots of running (You found it in a labyrinth)
  8443 | D:12     | Noticed Psyche
  8468 | D:12     | Killed Psyche
  8691 | D:12     | Reached skill level 13 in Unarmed Combat
  8978 | D:11     | Bought a scroll of magic mapping for 59 gold pieces
  9072 | D:11     | Noticed Maurice
  9088 | D:11     | Killed Maurice
  9160 | D:12     | Noticed a two-headed ogre
  9245 | D:13     | Noticed a two-headed ogre
  9256 | D:13     | Killed a two-headed ogre
  9260 | D:13     | Noticed a seven-headed hydra
  9266 | D:13     | Killed a seven-headed hydra
  9330 | D:13     | Found a frozen archway.
  9401 | IceCv    | Entered an ice cave
  9713 | IceCv    | Reached skill level 14 in Unarmed Combat
  9854 | IceCv    | Noticed a necromancer
  9862 | IceCv    | Killed a necromancer
  9920 | IceCv    | Reached XP level 12. HP: 28/96 MP: 2/16
 10130 | IceCv    | p0werm0de: !hs * dg--
 10133 | IceCv    | p0werm0de: gogogo
 10134 | IceCv    | beem: 151868. Yermak the Acrobat (L27 DgTm), escaped with the Orb and 15 runes on 2017-10-31 13:34:38, with 39689167 points after 36763 turns and 10:10:38.
 10399 | D:13     | Found Riel Fiad's Gadget Emporium.
 10449 | D:13     | Noticed a centaur warrior
 10466 | D:13     | Killed a centaur warrior
 10515 | D:13     | Noticed an eight-headed hydra
 10593 | D:14     | Reached skill level 15 in Unarmed Combat
 10621 | D:15     | Entered Level 15 of the Dungeon
 10747 | D:14     | Noticed Sonja
 10897 | D:14     | Killed Sonja
 11071 | D:14     | Learned a level 4 spell: Passage of Golubria
 11074 | D:14     | Learned a level 2 spell: Blink
 11078 | D:14     | Learned a level 3 spell: Lesser Beckoning
 11585 | D:12     | Reached skill level 16 in Unarmed Combat
 11863 | Orc:1    | Entered Level 1 of the Orcish Mines
 12156 | Orc:2    | Entered Level 2 of the Orcish Mines
 12174 | Orc:2    | Noticed Rupert
 12184 | Orc:2    | Killed Rupert
 12184 | Orc:2    | Reached XP level 13. HP: 98/102 MP: 17/17
 12213 | Orc:2    | Noticed Nessos
 12221 | Orc:2    | Noticed Nessos
 12221 | Orc:2    | Nessos changed into Nessos the snapping turtle
 12225 | Orc:2    | Killed Nessos the snapping turtle
 12554 | Orc:2    | Reached skill level 17 in Unarmed Combat
 12819 | Orc:1    | ZorroFel: jacquesderrida
 12834 | Orc:1    | ZorroFel: yo pidor
 12884 | Orc:1    | Found a roughly hewn altar of Beogh.
 12897 | Orc:1    | ZorroFel: dickuana says he loves ur dick]
 13126 | Orc:1    | jacquesderrida: Thanks
 13155 | Orc:1    | ZorroFel: ohhh
 13156 | Orc:1    | ZorroFel: its ok
 13176 | Orc:2    | ZorroFel: and reni is here aswell
 13184 | Orc:2    | jacquesderrida: Alos nice identity theft
 13196 | Orc:2    | ReniFell: WHAT
 13216 | Orc:2    | jacquesderrida: Хенирени
 13222 | Orc:2    | ZorroFel: what u hear?
 13229 | Orc:2    | jacquesderrida: В пятницу на работу
 13243 | Orc:2    | jacquesderrida: Пиздос
 13259 | Orc:2    | ZorroFel: ruccka mat
 13263 | Orc:2    | ReniFell: zorot why u zorrofel
 13302 | Orc:2    | ZorroFel: because its felid fell day today
 13318 | Orc:2    | ReniFell: Бля, я видел в конфе
 13326 | Orc:2    | ZorroFel: omg how did u know
 13334 | Orc:2    | ZorroFel: i am zoro!1!
 13337 | Orc:2    | jacquesderrida: Найс
 13348 | Orc:2    | ZorroFel: did u scan my potato code?
 13352 | Orc:2    | ReniFell: Красава, ебашь там
 13352 | Orc:2    | ZorroFel: NAJS
 13390 | Orc:2    | ReniFell: Yes
 13404 | Orc:2    | ZorroFel: KRasawa jebasz tam
 13408 | Orc:2    | jacquesderrida: Не знаю, что по этому поводу чувствовать
 13420 | Orc:2    | ReniFell: Опустошенность
 13427 | Orc:2    | ZorroFel: krasnaya armia chornyj baron
 13428 | Orc:2    | ReniFell: Недоверие
 13437 | Orc:2    | ReniFell: Злобу
 13446 | Orc:2    | ReniFell: Как все русские работяги
 13470 | Orc:1    | jacquesderrida: Не, я прост малость в ахуе
 13515 | Orc:1    | ZorroFel: ty ne robotayesh
 13523 | Orc:1    | jacquesderrida: Уже начинаю страдать
 13524 | Orc:1    | ZorroFel: !
 13528 | Orc:1    | zero: I understand vas huevo
 13528 | Orc:1    | ZorroFel: ыфвыфвпапкуууа
 13543 | Orc:1    | ZorroFel: ыва ыфваыврпа фыв куке ывац цук мсиыв
 13638 | Orc:2    | ZorroFel: фь ш вщштп ше цудд,
 13674 | Orc:2    | ZorroFel: is it goood??
 13688 | Orc:2    | Reached skill level 5 in Spellcasting
 13724 | Orc:2    | ReniFell: zero are u in discord xtahua chat brw
 13726 | Orc:2    | jacquesderrida: Net
 13741 | Orc:2    | Mangled by an ettin

Vault maps used:
D:1:      lightli_arrival_chessboard
D:3:      portal_sewer_entry_c
D:4:      serial_shops, nicolae_shop_statue_plus, uniq_robin, uniq_natasha,
          uniq_eustachio
D:5:      tgw_trog, first_ration, serial_bayou_crossing
D:6:      uniq_prince_ribbit1
D:7:      grunt_temple_overflow_open, minmay_temple_entry_hall, serial_shops,
          nicolae_shop_waterfront, shop, shop, shop, shop,
          hangedman_abyss_or_decor_stabs, kennysheep_generic_room_3,
          uniq_menkaure, uniq_joseph
D:8:      cheibrodos_fzero, kennysheep_little_box
D:9:      marbit_many_paths, minmay_lair_entry_grove, serial_shops,
          shop_fountains, basic_altar
D:10:     erik_orc_4
D:11:     serial_shops, shop, hangedman_little_slice_of_home, uniq_maurice
D:12:     lab_entry_generic, uniq_psyche
D:13:     david_vaults_4, portal_ice_cave_entry_imps, serial_shops,
          nicolae_shop_window_shopping
D:14:     minmay_misc_feat_tower, uniq_sonja
D:15:     hangedman_depths_entry_try_elsewhere_first, amethyst_killhole,
          solitary_fountain
Orc:1:    basic_altar
Orc:2:    st_orc_open, uniq_rupert, uniq_nessos
Lab:      labyrinth_spiral, labyrinth_skeletal_remains
Sewer:    sewer_kobolds
IceCv:    ice_cave_tombish

Skill      XL: |  1  2  3  4  5  6  7  8  9 10 11 12 13 |
---------------+----------------------------------------+-----
Unarmed Combat | 2 3 4 5 6 8 9 11 14 16 17 | 17.0
Earth Magic    | 2 3 4 5 6 8 9 |  9.0
Fighting       | 2 5 6 |  6.3
Dodging        | 2 4 |  4.1
Spellcasting   | 5 |  5.2
Stealth        | |  2.6
Evocations     | |  1.0

Action                   |  1- 3 |  4- 6 |  7- 9 | 10-12 | 13-15 || total
-------------------------+-------+-------+-------+-------+-------++-------
Melee: Unarmed           |   107 |   167 |   223 |   458 |   215 ||  1170
       Punch             |       |     3 |     2 |    30 |    15 ||    50
       Staff             |       |     1 |    36 |    16 |     8 ||    61
 Cast: Sandblast         |    11 |    21 |    31 |   175 |       ||   238
       Stone Arrow       |     1 |    22 |    78 |   106 |    24 ||   231
Evoke: Wand              |       |     1 |    23 |    32 |    17 ||    73
       Sack of spiders   |       |       |       |     2 |       ||     2
       Lamp of fire      |       |       |       |     1 |     1 ||     2
  Use: Potion            |     3 |     2 |       |     6 |     1 ||    12
       Scroll            |     4 |     2 |     4 |    13 |       ||    23
 Stab: Sleeping          |    10 |     3 |     1 |     4 |       ||    18
       Confused          |       |       |       |     5 |       ||     5
       Invisible         |       |       |       |       |     6 ||     6
  Eat: Chunk             |     2 |     4 |    20 |    27 |     4 ||    57
       Ration            |       |     2 |     1 |     5 |     1 ||     9
Armor: Robe              |    33 |    59 |    41 |       |       ||   133
       Skin              |     2 |     2 |       |       |       ||     4
       Ring mail         |       |       |   121 |   264 |    62 ||   447
Dodge: Dodged            |    68 |   135 |   235 |   299 |    82 ||   819

Table legend:
 A = Spawn XP
 B = Non-spawn XP
 C = Spawn XP percentage of total XP
 D = Spawn monster count
 E = Non-spawn monster count
 F = Spawn count percentage of total count
 G = Total turns spent on level
                    A         B        C        D         E        F      G
               +---------+---------+-------+---------+---------+-------+---------
         Total |       0 |   57677 |   0.0 |       0 |     487 |   0.0 | 13741
               +---------+---------+-------+---------+---------+-------+---------
           D:1 |       0 |      12 |   0.0 |       0 |       6 |   0.0 |   652
           D:2 |       0 |      65 |   0.0 |       0 |      12 |   0.0 |   515
           D:3 |       0 |     147 |   0.0 |       0 |      28 |   0.0 |   832
           D:4 |       0 |      68 |   0.0 |       0 |       9 |   0.0 |   548
           D:5 |       0 |     694 |   0.0 |       0 |      23 |   0.0 |   993
           D:6 |       0 |     940 |   0.0 |       0 |      21 |   0.0 |   819
           D:7 |       0 |    2104 |   0.0 |       0 |      36 |   0.0 |   895
           D:8 |       0 |    2487 |   0.0 |       0 |      40 |   0.0 |  1146
           D:9 |       0 |    2982 |   0.0 |       0 |      16 |   0.0 |   444
          D:10 |       0 |    5516 |   0.0 |       0 |      54 |   0.0 |   916
          D:11 |       0 |    1806 |   0.0 |       0 |      24 |   0.0 |   590
          D:12 |       0 |    5737 |   0.0 |       0 |      31 |   0.0 |   770
          D:13 |       0 |    6072 |   0.0 |       0 |      37 |   0.0 |   585
          D:14 |       0 |    5779 |   0.0 |       0 |      17 |   0.0 |   687
          D:15 |       0 |     939 |   0.0 |       0 |       3 |   0.0 |   163
         Orc:1 |       0 |    2845 |   0.0 |       0 |      30 |   0.0 |   943
         Orc:2 |       0 |   14482 |   0.0 |       0 |      74 |   0.0 |   863
           Lab |       0 |    1065 |   0.0 |       0 |       1 |   0.0 |   261
         Sewer |       0 |     116 |   0.0 |       0 |      10 |   0.0 |   216
         IceCv |       0 |    3821 |   0.0 |       0 |      15 |   0.0 |   903
               +---------+---------+-------+---------+---------+-------+---------
